[Event "Titled Tuesday Blitz July 6 2021"]
[White "Ozen, Bahadir"]
[Black "Kapitanchuk, Tomas"]
[WhiteFideId "6337058"]
[BlackFideId "135046"]
[WhiteElo "2503"]
[BlackElo "1955"]
[Result "1-0"]
[Round "06"]
[TimeControl "180+1"]
[Date "2021.07.06"]
[WhiteClock "0:01:35"]
[BlackClock "0:00:21"]

1. Nf3 Nf6 2. e3 e6 3. c4 d5 4. Nc3 Be7 5. b3 O-O 6. Bb2 c5 7. cxd5 exd5 8. d4 cxd4 9. Nxd4 Nc6 10. Be2 Re8 11. O-O Bd6 12. Nxc6 bxc6 13. Rc1 Bc7 14. Bf3 Qd6 15. g3 Bh3 16. Re1 Rad8 17. Qc2 Ba5 18. a3 c5 19. Red1 Bb6 20. Nxd5 Nxd5 21. Rxd5 Qh6 22. Rh5 1-0


[Site "https://www.chess.com"]

[Event "Titled Tuesday Blitz July 6 2021"]
[White "Pakleza, Zbigniew"]
[Black "Gelman, Alexander"]
[WhiteFideId "1119290"]
[BlackFideId "4118316"]
[WhiteElo "2526"]
[BlackElo "2375"]
[Result "0-1"]
[Round "06"]
[TimeControl "180+1"]
[Date "2021.07.06"]
[WhiteClock "0:00:06"]
[BlackClock "0:01:04"]

1. d4 Nf6 2. Bf4 c5 3. c3 b6 4. e3 Bb7 5. Nf3 d6 6. Bc4 Nbd7 7. Nbd2 a6 8. a4 h6 9. h3 g5 10. Bh2 Rg8 11. Qb3 e6 12. O-O-O h5 13. Rhg1 g4 14. hxg4 hxg4 15. Nh4 d5 16. Be2 c4 17. Qc2 b5 18. Nb1 Qa5 19. axb5 axb5 20. f3 g3 21. Rh1 gxh2 22. Rxh2 b4 23. g4 Bc6 24. Rg1 Qa1 25. g5 Ba4 26. Qd2 Bb3 27. Bd1 bxc3 28. Qxc3 Bxd1 29. Rxd1 Rxg5 30. Ng2 Rb8 31. Nf4 Rg8 32. e4 Bb4 33. Qc2 c3 34. exd5 cxb2+ 35. Qxb2 Ba3 0-1


[Site "https://www.chess.com"]

[Event "Titled Tuesday Blitz July 6 2021"]
[White "Petriashvili, Nikoloz"]
[Black "Jobava, Baadur"]
[WhiteFideId "13611216"]
[BlackFideId "13601520"]
[WhiteElo "2430"]
[BlackElo "2748"]
[Result "0-1"]
[Round "06"]
[TimeControl "180+1"]
[Date "2021.07.06"]
[WhiteClock "0:00:02"]
[BlackClock "0:00:03"]

1. e4 e5 2. Nf3 Nf6 3. Nxe5 d6 4. Nf3 Nxe4 5. Nc3 Nxc3 6. dxc3 Be7 7. Be3 Nc6 8. Qd2 Bf5 9. O-O-O O-O 10. h3 Re8 11. Bc4 Qd7 12. Nd4 Nxd4 13. Qxd4 c6 14. g4 Bg6 15. Bd3 Bf6 16. Qf4 d5 17. c4 Be5 18. Qf3 d4 19. Bd2 Re6 20. Rde1 Rf6 21. Qe2 Bd6 22. Rhf1 Re6 23. Qf3 Rae8 24. Kd1 a6 25. Rxe6 Rxe6 26. Re1 Rf6 27. Qe2 Re6 28. Qf3 Be5 29. Bxg6 hxg6 30. Qd3 b5 31. b3 Qd6 32. Re4 Bf6 33. Rxe6 Qxe6 34. Qe2 Qd7 35. cxb5 axb5 36. a4 bxa4 37. bxa4 Qd5 38. a5 c5 39. a6 c4 40. a7 Qa8 41. Qxc4 Qxa7 42. Qd3 Qb7 43. Ke2 Qg2 44. Bf4 g5 45. Bg3 Qxh3 46. Qe4 g6 47. Qe8+ Kg7 48. Qe4 Qh8 49. Be5 Qd8 50. Kd3 Qc8 51. Bxf6+ Kxf6 52. Qxd4+ Ke7 53. f3 Qa6+ 54. Qc4 Qa3+ 55. Qc3 Qc1 56. Qe5+ Kf8 57. Qe4 Kg7 58. c4 f5 59. gxf5 gxf5 60. Qe5+ Kg6 61. Qe6+ Kh5 62. Qe3 Qb1+ 63. Kd4 f4 64. Qe4 Qd1+ 65. Ke5 Qa1+ 66. Kd5 Qd1+ 67. Ke6 g4 68. c5 Qxf3 69. Qh7+ Kg5 70. Qg7+ Kh4 71. Qf6+ Kg3 72. Kd7 Qb7+ 73. Kd6 Qb8+ 74. Kd7 Qa7+ 75. Kd6 Qa3 76. Kc6 Qa6+ 0-1


[Site "https://www.chess.com"]

[Event "Titled Tuesday Blitz July 6 2021"]
[White "Piesik, Piotr"]
[Black "Roman, Rodrigo"]
[WhiteFideId "1136194"]
[BlackFideId "3701220"]
[WhiteElo "2354"]
[BlackElo "2043"]
[Result "0-1"]
[Round "06"]
[TimeControl "180+1"]
[Date "2021.07.06"]
[WhiteClock "0:01:37"]
[BlackClock "0:01:33"]

1. Nf3 Nf6 2. g3 g6 3. Bg2 Bg7 4. O-O O-O 5. d4 d5 6. c4 c6 7. Nc3 dxc4 8. a4 Nd5 9. e4 Nb4 10. Be3 Nd3 11. b3 c5 12. e5 cxd4 13. Bxd4 Be6 14. Be3 Nc6 15. Ng5 Bxe5 16. Nxe6 fxe6 17. Qd2 Qa5 18. bxc4 Nxf2 19. Bxf2 Bxc3 20. Qe2 Bxa1 21. Qxe6+ Kg7 22. Rxa1 Rxf2 23. Kxf2 Qd2+ 24. Qe2 Qd4+ 0-1


[Site "https://www.chess.com"]

[Event "Titled Tuesday Blitz July 6 2021"]
[White "Plat, Vojtech"]
[Black "AleksanderHnydiuk"]
[WhiteFideId "325740"]
[WhiteElo "2486"]
[BlackElo "2528"]
[Result "1-0"]
[Round "06"]
[TimeControl "180+1"]
[Date "2021.07.06"]
[WhiteClock "0:01:38"]
[BlackClock "0:00:26"]

1. e4 Nf6 2. e5 Nd5 3. g3 d6 4. exd6 cxd6 5. Bg2 Nf6 6. Ne2 Nc6 7. d4 g6 8. O-O Bg7 9. c3 O-O 10. a4 Bf5 11. Na3 Qd7 12. Re1 e5 13. dxe5 dxe5 14. Qxd7 Nxd7 15. Be3 Rfd8 16. Nb5 Bf8 17. a5 Nc5 18. Bxc5 Bxc5 19. a6 e4 20. b4 Bb6 21. axb7 Rab8 22. g4 Bxg4 23. Bxe4 Ne5 24. Ned4 Rd7 25. Bg2 Nd3 26. Re4 f5 27. Re3 Nf4 28. Bc6 Rdxb7 29. Bxb7 Rxb7 30. Re8+ Kf7 31. Nd6+ 1-0


[Site "https://www.chess.com"]

[Event "Titled Tuesday Blitz July 6 2021"]
[White "Prraneeth Vuppala"]
[Black "Akhvlediani, Irakli"]
[WhiteFideId "46622373"]
[BlackFideId "13601938"]
[WhiteElo "1759"]
[BlackElo "2226"]
[Result "1-0"]
[Round "06"]
[TimeControl "180+1"]
[Date "2021.07.06"]
[WhiteClock "0:00:01"]
[BlackClock "0:00:03"]

1. d4 e5 2. dxe5 Nc6 3. Nf3 Qe7 4. Bf4 Qb4+ 5. Bd2 Qxb2 6. Nc3 Bb4 7. Rb1 Qxc3 8. Bxc3 Bxc3+ 9. Nd2 Nxe5 10. e3 Nf6 11. Rb3 Ba5 12. Rb5 Nc6 13. Bd3 O-O 14. O-O d5 15. h3 a6 16. Rb1 Re8 17. Nf3 Bb6 18. Nh4 Ne5 19. Nf3 Ng6 20. Rxb6 cxb6 21. Qb1 b5 22. Rd1 Bd7 23. a4 bxa4 24. Qxb7 h6 25. Bxg6 fxg6 26. Nd4 Reb8 27. Qc7 Rb2 28. Nc6 Re8 29. Ne5 Bf5 30. Nd3 Rb5 31. Qf4 Re4 32. Qd6 Rc4 33. Ne5 Rxc2 34. Qd8+ Kh7 35. Rd4 a3 36. Nf7 Rc8 37. Qe7 a2 38. Ra4 Rb1+ 39. Kh2 a1=Q 40. Rxa1 Rxa1 41. Nd6 Rc6 42. h4 Ra4 43. h5 Rh4+ 44. Kg3 Rg4+ 45. Kf3 Nxh5 46. Ne8 Re6 47. Qf8 1-0


[Site "https://www.chess.com"]

[Event "Titled Tuesday Blitz July 6 2021"]
[White "Pruijssers, Roeland"]
[Black "Quparadze, Giga"]
[WhiteFideId "1013068"]
[BlackFideId "13602250"]
[WhiteElo "2545"]
[BlackElo "2658"]
[Result "0-1"]
[Round "06"]
[TimeControl "180+1"]
[Date "2021.07.06"]
[WhiteClock "0:00:02"]
[BlackClock "0:01:21"]

1. e4 c5 2. Nf3 e6 3. d4 cxd4 4. Nxd4 a6 5. Bd3 g6 6. O-O Bg7 7. c3 Ne7 8. a4 Nbc6 9. Nb3 b6 10. Na3 O-O 11. Be3 d5 12. Qe2 Ne5 13. Bc2 Bd7 14. f4 Nc4 15. Nxc4 dxc4 16. Qxc4 b5 17. Qe2 bxa4 18. Nc5 Bb5 19. c4 Bc6 20. Rfd1 Qc8 21. Bxa4 Bxa4 22. Nxa4 Qc6 23. e5 Nf5 24. Bf2 h5 25. Nb6 Rab8 26. Nd7 Rb4 27. Nxf8 Bxf8 28. Rac1 Bc5 29. Bxc5 Qxc5+ 30. Qf2 Qc6 31. Qf3 Qc5+ 32. Qf2 Qc6 33. c5 Rb3 34. Rc3 Rxc3 35. bxc3 a5 36. Ra1 a4 37. g3 Kg7 38. h3 Qe4 39. Kh2 Qc4 40. Qg2 Ne3 41. Qf3 Nd5 0-1


[Site "https://www.chess.com"]

[Event "Titled Tuesday Blitz July 6 2021"]
[White "Przybylski, Wojciech"]
[Black "Erdogdu, Mert"]
[WhiteFideId "1117599"]
[BlackFideId "6301495"]
[WhiteElo "2317"]
[BlackElo "2485"]
[Result "0-1"]
[Round "06"]
[TimeControl "180+1"]
[Date "2021.07.06"]
[WhiteClock "0:00:05"]
[BlackClock "0:00:07"]

1. e4 c5 2. Nf3 d6 3. d4 cxd4 4. Nxd4 Nf6 5. Nc3 a6 6. h3 e6 7. Be3 b5 8. a3 Bb7 9. Bd3 Nbd7 10. Nb3 Rc8 11. O-O Be7 12. Re1 O-O 13. Nd2 Ne5 14. f4 Nxd3 15. cxd3 d5 16. Bf2 dxe4 17. dxe4 Qc7 18. Qf3 Rfd8 19. Nb3 Qb8 20. Rad1 b4 21. axb4 Bxb4 22. Rxd8+ Rxd8 23. Nc5 Bc8 24. Rd1 Rxd1+ 25. Qxd1 Bxc5 26. Bxc5 Bb7 27. e5 Nd5 28. Nxd5 Bxd5 29. b4 h6 30. Qd3 Qb7 31. Qe2 Qc6 32. Qf2 Be4 33. Kh2 Qd5 34. Qd4 Qb7 35. Qd2 Bd5 36. Kg3 Qb5 37. Qe3 Qf1 38. Qf2 Qc1 39. Qe3 Qc2 40. Qf2 Qg6+ 41. Kh2 Qe4 42. Qd2 Kh7 43. Bd4 h5 44. Be3 Kg6 45. Qf2 f6 46. exf6 gxf6 47. Bd4 Kf7 48. Bc3 h4 49. Qa7+ Kg6 50. Qf2 Kf5 51. Bd2 Bc6 52. Kg1 Qb1+ 53. Kh2 Qe4 54. Kg1 Kg6 55. Kh2 Bb7 56. Bc3 Kf7 57. Bd2 Qd5 58. Bc3 Qe4 59. Bd2 e5 60. fxe5 Qxe5+ 61. Bf4 Qe4 62. Qd2 Ke6 63. Be3 f5 64. Bc5 f4 65. Qd6+ Kf5 66. Qf8+ Ke5 67. Qd6+ Kf5 68. Qd7+ Kg6 69. Qd6+ Kh5 70. Qd2 f3 71. Be7 Qxe7 72. gxf3 Qe5+ 73. Kg2 Qg3+ 74. Kf1 Qxf3+ 75. Ke1 Qxh3 76. Qd5+ Bxd5 77. Kd2 Qb3 78. b5 Qxb5 79. Kc2 Qc4+ 80. Kb2 Qb3+ 81. Ka1 Qa2# 0-1


[Site "https://www.chess.com"]

[Event "Titled Tuesday Blitz July 6 2021"]
[White "Reprintsev, Alexander"]
[Black "Quintiliano Pinto, Renato R."]
[WhiteFideId "14100541"]
[BlackFideId "2117568"]
[WhiteElo "2126"]
[BlackElo "2439"]
[Result "1-0"]
[Round "06"]
[TimeControl "180+1"]
[Date "2021.07.06"]
[WhiteClock "0:00:06"]
[BlackClock "0:00:18"]

1. e4 c5 2. b3 g6 3. Bb2 Nf6 4. e5 Nd5 5. Nc3 Nxc3 6. dxc3 Bg7 7. Qd5 O-O 8. O-O-O Nc6 9. Nf3 d6 10. exd6 exd6 11. Qxd6 Qa5 12. Bc4 Bg4 13. Rd3 Rad8 14. Qf4 Rxd3 15. Bxd3 Bxf3 16. Qxf3 Bxc3 17. a4 Qb4 18. Bc4 Bxb2+ 19. Kxb2 Ne5 20. Qc3 Nxc4+ 21. Qxc4 Qb6 22. Rd1 Qf6+ 23. Qc3 Qxf2 24. Rd7 Qxg2 25. Qxc5 b6 26. Qc7 h5 27. Qxa7 Qxh2 28. Qxb6 Rc8 29. Rd8+ Rxd8 30. Qxd8+ Kh7 31. Qe7 Kg7 32. a5 h4 33. a6 h3 34. a7 Qg2 35. Qe5+ Kh6 36. Qh8+ Kg5 37. a8=Q 1-0


[Site "https://www.chess.com"]

[Event "Titled Tuesday Blitz July 6 2021"]
[White "Riazantsev, Alexander"]
[Black "Vyatkin, Dmitry"]
[WhiteFideId "4125029"]
[BlackFideId "4171900"]
[WhiteElo "2497"]
[BlackElo "2279"]
[Result "1-0"]
[Round "06"]
[TimeControl "180+1"]
[Date "2021.07.06"]
[WhiteClock "0:00:11"]
[BlackClock "0:00:03"]

1. d4 Nf6 2. c4 g6 3. Nc3 Bg7 4. e4 d6 5. Be2 O-O 6. Be3 a6 7. Nf3 Ng4 8. Bg5 h6 9. Bh4 Nd7 10. O-O c5 11. h3 cxd4 12. Nxd4 Nge5 13. Nd5 Re8 14. f4 Nc6 15. Bf2 e6 16. Nc3 Qc7 17. Nb3 b6 18. Qd2 Nc5 19. Rad1 Rd8 20. Nd4 Bb7 21. Bf3 Nxd4 22. Bxd4 e5 23. Be3 Ne6 24. f5 Nd4 25. Bxh6 Qxc4 26. Bg4 Qc7 27. Bxg7 Kxg7 28. Qg5 Kh7 29. Qh4+ Kg8 30. f6 Qc5 31. Kh1 d5 32. exd5 Bxd5 33. Nxd5 Rxd5 34. Bf3 Rad8 35. Bxd5 Rxd5 36. Qh6 Qf8 37. Qg5 Qd8 38. Rc1 1-0


[Site "https://www.chess.com"]

[Event "Titled Tuesday Blitz July 6 2021"]
[White "Rodchenkov, Vitaly"]
[Black "deribas12345"]
[WhiteFideId "4152964"]
[WhiteElo "2337"]
[BlackElo "2544"]
[Result "1-0"]
[Round "06"]
[TimeControl "180+1"]
[Date "2021.07.06"]
[WhiteClock "0:01:00"]
[BlackClock "0:00:05"]

1. e4 c5 2. Nf3 d6 3. d4 cxd4 4. Nxd4 Nf6 5. Nc3 a6 6. Bc4 b5 7. Bb3 e6 8. O-O b4 9. Na4 Be7 10. f4 Nxe4 11. f5 e5 12. Ne6 fxe6 13. Qh5+ Kd7 14. fxe6+ Kc7 15. Rf7 Nc6 16. Be3 Rb8 17. Rd1 Nf6 18. Qe2 Rf8 19. Rxg7 Rg8 20. Rf7 Rb5 21. c4 bxc3 22. Nxc3 Bb7 23. Nxb5+ axb5 24. Qxb5 Rxg2+ 25. Kf1 Qa8 26. Qb6+ Kc8 27. Kxg2 Nd4+ 28. Kg1 Nf3+ 29. Kf2 Ng4+ 30. Kg3 Nxe3 31. Qxe3 Bh4+ 32. Kg4 h5+ 33. Kxh5 Nd4 34. Rxd4 Bf3+ 35. Qxf3 exd4 36. Qxa8# 1-0


[Site "https://www.chess.com"]

[Event "Titled Tuesday Blitz July 6 2021"]
[White "Rorrer, Grayson"]
[Black "Altman, Joshua"]
[WhiteFideId "30944996"]
[BlackFideId "426210"]
[WhiteElo "2122"]
[BlackElo "1945"]
[Result "1-0"]
[Round "06"]
[TimeControl "180+1"]
[Date "2021.07.06"]
[WhiteClock "0:01:11"]
[BlackClock "0:00:46"]

1. e4 e6 2. d4 d5 3. Nd2 Nf6 4. e5 Nfd7 5. Bd3 c5 6. c3 Nc6 7. Ne2 Qb6 8. Nf3 cxd4 9. cxd4 f6 10. exf6 Nxf6 11. O-O Bd6 12. Bg5 O-O 13. Bh4 Bd7 14. Bg3 Bxg3 15. Nxg3 Rae8 16. a3 e5 17. dxe5 Nxe5 18. Nxe5 Rxe5 19. Qd2 Bc6 20. b4 Ne4 21. Nxe4 dxe4 22. Bc4+ Kh8 23. Rae1 Ref5 24. Re3 h6 25. Rh3 Bb5 26. Bxb5 Qxb5 27. Qe3 Qe5 28. Rh4 Rf4 29. Rxf4 Qxf4 30. Qxa7 Qd2 31. Qe3 Qd5 32. Re1 Ra8 33. h3 Qd3 34. Qxe4 Qxe4 35. Rxe4 Rxa3 36. Re7 Ra7 37. b5 Ra1+ 38. Kh2 Ra2 39. f3 Kh7 40. Rxb7 Rb2 41. b6 Kg6 42. Rb8 Kf7 43. h4 Rb4 44. Kh3 Kg6 45. b7 Kh7 46. h5 Rb3 47. g3 Rb4 48. g4 Rb3 49. Kg3 Rb4 50. f4 Rb3+ 51. Kf2 Rb4 52. Ke3 Rb3+ 53. Kd4 Rb4+ 54. Ke5 Rb5+ 55. Ke6 Rb6+ 56. Ke7 Rb1 57. g5 hxg5 58. fxg5 Re1+ 59. Kd6 Rd1+ 60. Ke5 Re1+ 61. Kf4 Rf1+ 62. Ke3 Rb1 63. g6+ Kh6 64. Rh8+ Kg5 65. b8=Q Rxb8 66. Rxb8 1-0


[Site "https://www.chess.com"]

[Event "Titled Tuesday Blitz July 6 2021"]
[White "Rostovtsev, Dmitry"]
[Black "Bluebaum, Matthias"]
[WhiteFideId "34278320"]
[BlackFideId "24651516"]
[WhiteElo "2114"]
[BlackElo "2685"]
[Result "1/2-1/2"]
[Round "06"]
[TimeControl "180+1"]
[Date "2021.07.06"]
[WhiteClock "0:00:02"]
[BlackClock "0:00:56"]

1. e4 c6 2. d4 d5 3. e5 Bf5 4. Nf3 e6 5. Be2 c5 6. Be3 Nd7 7. O-O Ne7 8. c4 dxc4 9. Na3 c3 10. bxc3 Nd5 11. Bg5 Be7 12. Bxe7 Qxe7 13. Nb5 O-O 14. Bc4 N5b6 15. Be2 Bg6 16. Nd6 Nd5 17. Qd2 b6 18. Bc4 Nc7 19. Rfe1 Rad8 20. a4 Nb8 21. a5 Nc6 22. axb6 axb6 23. Qf4 Bh5 24. Reb1 cxd4 25. Rxb6 Bxf3 26. gxf3 Qd7 27. cxd4 Ne7 28. Ra7 Ned5 29. Bxd5 Nxd5 30. Rxd7 Nxf4 31. Rxd8 Rxd8 32. Rb7 Ra8 33. h4 Rf8 34. Kh2 h6 35. Rb4 Kh7 36. Kg3 Nd5 37. Rb7 Kg6 38. h5+ Kxh5 39. Rxf7 Rxf7 40. Nxf7 Kg6 41. Nd6 Ne7 42. Nb5 Kg5 43. f4+ Kh5 44. Kf3 Kh4 45. Ke4 Kg4 46. f3+ Kg3 47. Nc3 h5 48. d5 h4 49. d6 Nc6 50. Ne2+ Kf2 51. Nd4 Nd8 52. f5 exf5+ 53. Kxf5 h3 54. e6 h2 55. e7 Nf7 56. Ke6 h1=Q 57. e8=Q Ng5+ 58. Kd7 Qh3+ 59. Ne6 Nxf3 60. Qf7 g5 61. Ke7 g4 62. d7 Qh4+ 63. Qf6 Qh7+ 64. Ng7 g3 65. d8=Q g2 66. Qdd4+ Kg3 67. Qdf4+ Kh3 68. Qxf3+ Kh2 69. Q6f4+ Kh1 70. Qxg2+ Kxg2 71. Qg4+ Kh2 72. Kf6 Qh6+ 73. Kf7 Qh3 74. Qg5 Qf3+ 75. Nf5 Qd5+ 76. Kg6 Qg2 77. Qxg2+ Kxg2 1/2-1/2


[Site "https://www.chess.com"]

[Event "Titled Tuesday Blitz July 6 2021"]
[White "Samunenkov, Ihor"]
[Black "Maevsky, Nikolay"]
[WhiteFideId "14187086"]
[BlackFideId "4198220"]
[WhiteElo "2281"]
[BlackElo "2213"]
[Result "1/2-1/2"]
[Round "06"]
[TimeControl "180+1"]
[Date "2021.07.06"]
[WhiteClock "0:00:02"]
[BlackClock "0:00:05"]

1. e4 c6 2. Nf3 d5 3. Nc3 Bg4 4. h3 Bxf3 5. Qxf3 e6 6. Be2 Nf6 7. O-O Nbd7 8. d4 dxe4 9. Nxe4 Nxe4 10. Qxe4 Nf6 11. Qd3 Be7 12. Rd1 O-O 13. c4 Qd7 14. Be3 Rfd8 15. Qc2 Qc7 16. Bf3 Rac8 17. Rab1 h6 18. g3 a6 19. Bg2 e5 20. dxe5 Qxe5 21. Bf4 Rxd1+ 22. Rxd1 Qe6 23. Qc3 Rd8 24. Re1 Qd7 25. Be5 Ne8 26. Bf3 Bf6 27. Rd1 Qe7 28. Rxd8 Qxd8 29. Bxf6 Nxf6 30. Kg2 Qd6 31. b4 Qe6 32. a4 h5 33. h4 g6 34. b5 cxb5 35. axb5 axb5 36. cxb5 b6 37. Qc7 Ne4 38. Qc6 Nc5 39. Qc7 Kg7 40. Qd8 Qf6 41. Qd1 Qb2 42. Bc6 Qe5 43. Qf3 Qf6 44. Qe2 Qe6 45. Qf3 Qf6 46. Qd5 Ne6 47. Bd7 Nd4 48. Qe4 Nb3 49. Bc6 Nc5 50. Qe3 Qf5 51. Bf3 Qf6 52. Bc6 Qe6 53. Qf3 Qf6 1/2-1/2


[Site "https://www.chess.com"]

[Event "Titled Tuesday Blitz July 6 2021"]
[White "Saravana, Krishnan P."]
[Black "Vakhlamov, Igor L."]
[WhiteFideId "5018382"]
[BlackFideId "24126748"]
[WhiteElo "2245"]
[BlackElo "2416"]
[Result "1-0"]
[Round "06"]
[TimeControl "180+1"]
[Date "2021.07.06"]
[WhiteClock "0:02:01"]
[BlackClock "0:00:29"]

1. e4 c5 2. Nf3 Nc6 3. Bb5 e5 4. O-O Nge7 5. a3 a6 6. Bc4 b5 7. Bd5 d6 8. b4 cxb4 9. d4 Nxd5 10. exd5 Nxd4 11. Nxd4 exd4 12. Qxd4 Be7 13. Qxg7 Bf6 14. Re1+ Kd7 15. Qxf7+ Be7 16. Bg5 Re8 17. Qe6+ Kc7 18. Bxe7 Qd7 19. Qxd6+ Kb7 20. Qxd7+ Bxd7 21. Bxb4 Rac8 22. Nc3 Rc4 23. Rxe8 Bxe8 24. Re1 Bg6 25. d6 Kc6 26. Re7 Rd4 27. Rc7+ Kb6 28. Bc5+ Ka5 29. Bxd4 h5 30. d7 h4 31. d8=Q h3 32. Rc4# 1-0


[Site "https://www.chess.com"]

[Event "Titled Tuesday Blitz July 6 2021"]
[White "Sardana, Rishi"]
[Black "Pereira, Juliano Resende M"]
[WhiteFideId "25004301"]
[BlackFideId "2109816"]
[WhiteElo "2340"]
[BlackElo "2452"]
[Result "1-0"]
[Round "06"]
[TimeControl "180+1"]
[Date "2021.07.06"]
[WhiteClock "0:01:07"]
[BlackClock "0:00:26"]

1. d4 Nf6 2. Nf3 e6 3. c4 d5 4. Nc3 Be7 5. Bf4 O-O 6. e3 c6 7. Qc2 Re8 8. Bd3 dxc4 9. Bxc4 b5 10. Bd3 Bb7 11. Ne4 Qa5+ 12. Nfd2 Nd5 13. Bd6 Nb4 14. Bxb4 Bxb4 15. O-O Nd7 16. Nb3 Qb6 17. Nbc5 Nf8 18. Nd6 Bxc5 19. dxc5 Qc7 20. Nxe8 Rxe8 21. Rfd1 Bc8 22. Be2 e5 23. Rd6 f5 24. Rad1 Ng6 25. Bh5 1-0


[Site "https://www.chess.com"]

[Event "Titled Tuesday Blitz July 6 2021"]
[White "Senthil Maran K"]
[Black "Dobrov, Vladimir"]
[WhiteFideId "25035681"]
[BlackFideId "4136594"]
[WhiteElo "2194"]
[BlackElo "2614"]
[Result "0-1"]
[Round "06"]
[TimeControl "180+1"]
[Date "2021.07.06"]
[WhiteClock "0:00:02"]
[BlackClock "0:02:00"]

1. d4 Nf6 2. Nf3 e6 3. g3 c5 4. Bg2 cxd4 5. O-O Nc6 6. Nxd4 Qb6 7. Nb3 Ne5 8. Be3 Qc7 9. Nc3 a6 10. Bf4 Be7 11. e4 O-O 12. a4 d6 13. Bxe5 dxe5 14. Qe2 Bd7 15. Rfd1 Rfd8 16. a5 h6 17. Rd3 Be8 18. Rxd8 Rxd8 19. Rd1 Rc8 20. Rd3 Bb4 21. Qd1 Bxa5 22. Nxa5 Qxa5 23. Bf3 Qc7 24. Kg2 b5 25. Rd2 Bc6 26. Qe2 b4 27. Nd1 Qb7 28. b3 Nxe4 29. Bxe4 Bxe4+ 30. f3 Bc6 31. Nb2 e4 32. fxe4 Bxe4+ 33. Kg1 Bd5 34. Qe3 a5 35. Nd3 a4 36. bxa4 b3 37. cxb3 Qxb3 38. Nf4 Qxe3+ 0-1


[Site "https://www.chess.com"]

[Event "Titled Tuesday Blitz July 6 2021"]
[White "Solon, Nathan"]
[Black "Eynullayev, Atilla"]
[WhiteFideId "2017229"]
[BlackFideId "13413570"]
[WhiteElo "2626"]
[BlackElo "1997"]
[Result "1-0"]
[Round "06"]
[TimeControl "180+1"]
[Date "2021.07.06"]
[WhiteClock "0:00:14"]
[BlackClock "0:00:01"]

1. d4 Nf6 2. c4 e6 3. g3 d5 4. Bg2 Bb4+ 5. Nd2 O-O 6. Nf3 b6 7. O-O Bb7 8. a3 Bd6 9. cxd5 exd5 10. b4 Nbd7 11. Bb2 Qe7 12. Re1 Ne4 13. Qc2 f5 14. Rac1 Rac8 15. e3 g5 16. Nb1 f4 17. exf4 gxf4 18. Nc3 fxg3 19. hxg3 Ndf6 20. Ne5 Bxe5 21. dxe5 Ng4 22. Nxe4 dxe4 23. Bxe4 Rxf2 24. Qb3+ Kh8 25. Bxb7 Rcf8 26. e6+ Kg8 27. Qc3 Nf6 28. Rf1 Qd6 29. Rxf2 1-0


[Site "https://www.chess.com"]

[Event "Titled Tuesday Blitz July 6 2021"]
[White "Sonis, Francesco"]
[Black "Do Nascimento,Christian Almeida"]
[WhiteFideId "895733"]
[BlackFideId "2143801"]
[WhiteElo "2373"]
[BlackElo "2083"]
[Result "1-0"]
[Round "06"]
[TimeControl "180+1"]
[Date "2021.07.06"]
[WhiteClock "0:01:16"]
[BlackClock "0:00:01"]

1. e4 c5 2. Nf3 d6 3. c3 Nf6 4. h3 g6 5. Bd3 Bg7 6. Bc2 O-O 7. O-O Nc6 8. Re1 d5 9. e5 Ne8 10. d4 cxd4 11. cxd4 Nc7 12. Nc3 b6 13. Be3 Ba6 14. Rc1 Rc8 15. Qd2 Ne6 16. Bb3 Nb4 17. Red1 Nd3 18. Rc2 Nb4 19. Rcc1 Nd3 20. Rb1 Bc4 21. Ba4 f6 22. b3 Ba6 23. Bb5 Bxb5 24. Nxb5 fxe5 25. dxe5 Ndf4 26. Nbd4 Nxd4 27. Nxd4 Bxe5 28. Nf3 Nxh3+ 29. Kf1 Rxf3 30. gxf3 e6 31. Qb4 Qf6 32. Qg4 Nf4 33. Bxf4 Bxf4 34. Rxd5 Rc2 35. Rd7 h5 36. Qh3 Qe5 37. Kg1 Kf8 38. Rbd1 Ke8 39. Qf1 1-0


[Site "https://www.chess.com"]

[Event "Titled Tuesday Blitz July 6 2021"]
[White "Steven_Rojas"]
[Black "Araujo Filho, Luiz Antonio Coel"]
[BlackFideId "2130661"]
[WhiteElo "2547"]
[BlackElo "2272"]
[Result "1-0"]
[Round "06"]
[TimeControl "180+1"]
[Date "2021.07.06"]
[WhiteClock "0:00:56"]
[BlackClock "0:00:01"]

1. e4 c6 2. d4 d5 3. exd5 cxd5 4. c4 Nf6 5. Nc3 Nc6 6. Bg5 e6 7. c5 Be7 8. Nf3 O-O 9. Bb5 Ne4 10. Bxe7 Nxe7 11. O-O Nxc3 12. bxc3 Bd7 13. Bd3 Bc6 14. Qc2 h6 15. Rae1 b6 16. cxb6 axb6 17. Ne5 Qc7 18. f4 Ra3 19. Qd2 Rfa8 20. Bb1 Ba4 21. Rf3 Be8 22. Rg3 Kf8 23. f5 exf5 24. Rf1 f6 25. Nd3 Qxc3 26. Qf2 R3a4 27. Nf4 Qc6 28. Re1 Bf7 29. Rge3 Ng6 30. Bxf5 Rxa2 31. Qg3 Nxf4 32. Qxf4 Rb2 33. Bh3 Rc8 34. Bxc8 Qxc8 35. Qd6+ Kg8 36. Qg3 Kh7 37. Re7 Qf8 38. Qd3+ Bg6 39. Qc3 Ra2 40. Qg3 Qa8 41. h4 Qa3 42. R1e3 Qb2 43. Re2 1-0


[Site "https://www.chess.com"]

[Event "Titled Tuesday Blitz July 6 2021"]
[White "Stojanovski, Sandi"]
[Black "Maltsevskaya, Aleksandra"]
[WhiteFideId "1403249"]
[BlackFideId "24174041"]
[WhiteElo "2354"]
[BlackElo "2225"]
[Result "1-0"]
[Round "06"]
[TimeControl "180+1"]
[Date "2021.07.06"]
[WhiteClock "0:00:19"]
[BlackClock "0:00:08"]

1. c4 e6 2. d4 Nf6 3. Nc3 d5 4. cxd5 exd5 5. Bg5 Nbd7 6. e3 c6 7. Bd3 h6 8. Bh4 Be7 9. Nf3 Ne4 10. Bxe7 Qxe7 11. Qc2 Ndf6 12. Ne5 O-O 13. O-O Re8 14. f3 Nxc3 15. bxc3 Nd7 16. f4 Nf8 17. Rae1 Bd7 18. e4 dxe4 19. Bxe4 Qf6 20. f5 Rab8 21. h3 h5 22. Qd2 c5 23. Qf4 cxd4 24. cxd4 Bb5 25. Bd5 Bxf1 26. Bxf7+ Qxf7 27. Nxf7 Rxe1 28. Qxb8 Kxf7 29. Qxb7+ Kg8 30. Kf2 Rd1 31. Qb3+ Kh8 32. Qxd1 1-0


[Site "https://www.chess.com"]

[Event "Titled Tuesday Blitz July 6 2021"]
[White "Svane, Rasmus"]
[Black "Khanin, Semen"]
[WhiteFideId "4657101"]
[BlackFideId "4111990"]
[WhiteElo "2669"]
[BlackElo "2521"]
[Result "0-1"]
[Round "06"]
[TimeControl "180+1"]
[Date "2021.07.06"]
[WhiteClock "0:00:01"]
[BlackClock "0:00:43"]

1. Nf3 Nf6 2. g3 g6 3. Bg2 Bg7 4. O-O O-O 5. d4 d6 6. Re1 Ne4 7. Nbd2 Nxd2 8. Bxd2 e5 9. dxe5 dxe5 10. Bb4 Re8 11. Qxd8 Rxd8 12. Rad1 Rxd1 13. Rxd1 Nc6 14. Bc3 f6 15. Nd2 Be6 16. Bxc6 bxc6 17. Nb3 Bf8 18. f3 c5 19. Na5 c4 20. Nc6 Bc5+ 21. Kf1 Kf8 22. a3 Ke8 23. Bb4 Bb6 24. Na5 h5 25. e4 g5 26. Ke2 g4 27. f4 exf4 28. gxf4 g3 29. f5 Bxf5 30. exf5 g2 31. Nxc4 g1=Q 32. Rxg1 Bxg1 33. h3 Kf7 34. Kf3 Rg8 35. Nd2 Bd4 36. c3 Be5 37. Ne4 Rg1 38. Bc5 Rf1+ 39. Kg2 Rf4 40. Nf2 a6 41. Nd3 Rxf5 42. a4 Bd6 43. Be3 Rd5 44. Nf2 f5 45. Kf3 f4 46. Bxf4 Bxf4 47. Kxf4 Rd2 48. Ne4 Rxb2 49. Kg5 Ra2 50. Nc5 a5 51. Kxh5 Ra3 52. h4 Rxc3 53. Nb7 Rd3 54. Kg5 Rd5+ 55. Kh6 Kf6 56. h5 Kf7 57. Nxa5 Rxa5 58. Kh7 Rxh5# 0-1


[Site "https://www.chess.com"]

[Event "Titled Tuesday Blitz July 6 2021"]
[White "Sychev, Klementy"]
[Black "Pert, Richard G"]
[WhiteFideId "4114060"]
[BlackFideId "404748"]
[WhiteElo "2615"]
[BlackElo "2441"]
[Result "1-0"]
[Round "06"]
[TimeControl "180+1"]
[Date "2021.07.06"]
[WhiteClock "0:00:01"]
[BlackClock "0:00:05"]

1. b4 d5 2. Bb2 Nf6 3. e3 Bf5 4. Nf3 e6 5. b5 Nbd7 6. a4 Bd6 7. a5 O-O 8. h3 c5 9. g4 Bg6 10. d3 d4 11. e4 Ne5 12. Nbd2 Nfd7 13. Nxe5 Bxe5 14. Nc4 f5 15. exf5 exf5 16. Bg2 fxg4 17. Qxg4 Bf4 18. O-O Rf5 19. Rae1 Nf6 20. Qe2 Rg5 21. Kh1 Bh5 22. Qe6+ Bf7 23. Qe7 Qc8 24. Qxb7 Qxb7 25. Bxb7 Rb8 26. a6 Bd5+ 27. Bxd5+ Nxd5 28. Re4 Rxb5 29. Ba3 h5 30. Bc1 Rb1 31. Ree1 Bxc1 32. Rxc1 Rxc1 33. Rxc1 Nf4 34. Rb1 Nxh3 35. f3 Rg6 36. Kh2 Nf4 37. Rb5 Rxa6 38. Rxc5 Ra2 39. Nd6 Nxd3 40. Rc7 Nb4 41. Kg3 Rxc2 42. Rxa7 Nc6 43. Rd7 Ne5 44. Re7 Ng6 45. Re8+ Kh7 46. Ne4 h4+ 47. Kh3 Nf4+ 48. Kg4 Nd5 49. Kf5 g6+ 50. Ke5 Ne3 51. Kxd4 Nf5+ 52. Ke5 Ra2 53. Nf6+ Kh6 54. Rh8+ Kg5 55. Ne4# 1-0


[Site "https://www.chess.com"]